 Dungeon Crawl Stone Soup version 0.30-a0-857-gcaf70739d4 (webtiles) character file.

Game seed: 15589739095827135958

66 Newt the Shooter (level 4, 0/30 HPs)
             Began as a Kobold Hunter on Mar 5, 2023.
             Slain by an ogre
             ... wielding a +0 giant club
              (12 damage)
             ... on level 4 of the Dungeon.
             The game lasted 00:01:19 (1629 turns).

Newt the Shooter (Kobold Hunter)                    Turns: 1629, Time: 00:01:20

Health: 0/30       AC:  6    Str: 11    XL:     4   Next: 37%
Magic:  4/4        EV: 15    Int: 10    God:
Gold:   133        SH:  0    Dex: 20    Spells: 3/3 levels left

rFire   . . .      SeeInvis .    a - +0 shortbow
rCold   . . .      Faith    .    (shield currently unavailable)
rNeg    . . .      Spirit   .    c - +0 leather armour
rPois   .          Reflect  .    (no helmet)
rElec   .          Rampage  .    (no cloak)
rCorr   .                        g - +2 pair of gloves {Str+3}
Will    .....                    (no boots)
Stlth   +++                      (no amulet)
HPRegen 0.25/turn                (no ring)
MPRegen 0.09/turn                (no ring)

@: no status effects
A: small, no large weapons, nightstalker 3
a: no special abilities


You were on level 4 of the Dungeon.
You visited 1 branch of the dungeon, and saw 3 of its levels.

You collected 133 gold pieces.

Inventory:

Hand Weapons
 a - a +0 shortbow (weapon)
Armour
 c - a +0 leather armour (worn)
 g - a +2 pair of gloves of strength (worn)
Scrolls
 b - a scroll of immolation
Potions
 e - a potion of heal wounds {unknown}
 f - a potion of invisibility {unknown}
 h - 2 potions of ambrosia {unknown}


   Skills:
 + Level 4.7 Fighting
 - Level 5.3 Ranged Weapons
 - Level 2.4 Dodging
 - Level 1.3 Stealth


You had 3 spell levels left.
You didn't know any spells.
Your spell library contained the following spells:

 Spells                   Type           Power      Damage    Failure   Level
 Shock                    Conj/Air       0%         1d3       45%         1
 Swiftness                Air            0%         N/A       83%         3
 Airstrike                Air            0%         2d(0-16)  99%         4


Dungeon Overview and Level Annotations

Branches:
Dungeon (2/15)

Altars:


Innate Abilities, Weirdness & Mutations

You are small and have problems with some larger weapons.
You are completely attuned to the shadows.


Message History

Okay, then.
You open the door.
Found a stone staircase leading down.
There is an open door here.
A hobgoblin comes into view.
Found an escape hatch in the ceiling.
You shoot an arrow. The arrow hits the hobgoblin.
The hobgoblin shouts!
The hobgoblin is almost dead.
The hobgoblin hits you.
You shoot an arrow. The arrow barely misses the hobgoblin.
The hobgoblin misses you. x2
You shoot an arrow. The arrow hits the hobgoblin.
You kill the hobgoblin!
You see here a hobgoblin corpse.
Found a cyan potion and a blue potion.
An adder comes into view.
You shoot an arrow. The arrow hits the adder!
The adder hisses angrily.
The adder is almost dead.
The adder barely misses you. The adder closely misses you.
You shoot an arrow. The arrow barely misses the adder.
The adder bites you.
You shoot an arrow. The arrow hits the adder.
You kill the adder!
A scorpion comes into view.
You hear the hiss of a distant avalanche of sand.
Found an escape hatch in the floor.
Found a stone staircase leading down.
An ogre comes into view. It is wielding a +0 giant club.
Okay, then.
You shoot an arrow. The arrow hits the ogre.
The ogre is lightly wounded.
You shoot an arrow. The arrow hits the ogre.
The ogre is moderately wounded.
The ogre hits you with a +0 giant club!!
Ouch! That really hurt!
You shoot an arrow. The arrow hits the ogre.
The ogre is heavily wounded.
The ogre hits you with a +0 giant club!
You die...

......#
#.....##
.....#
......#
#......+
........
..#####
#....###
.....#.. ..#
#..>.#
.....#.#
#..###
.....# #
####..#
......#
#####.######
#....@O...#
#.##.###..#
#.##.# #.+
#....# ##
######


You could see an ogre.

Vanquished Creatures
  3 adders
  A dart slug (D:2)
  3 bats (D:1)
  4 endoplasms
  4 giant cockroaches
  A goblin (D:1)
  5 hobgoblins
  3 jackals (D:1)
  4 quokkas
  A frilled lizard (D:1)
  4 rats
33 creatures vanquished.

Notes
Turn   | Place    | Note
-------+----------+-------------------------------------------
     0 | D:1      | Newt the Kobold Hunter began the quest for the Orb.
     0 | D:1      | Reached XP level 1. HP: 12/12 MP: 1/1
   263 | D:1      | Reached XP level 2. HP: 18/18 MP: 2/2
   853 | D:1      | Reached XP level 3. HP: 23/23 MP: 3/3
  1455 | D:2      | You fall into a shaft and drop 2 floors!
  1549 | D:4      | Reached XP level 4. HP: 30/30 MP: 4/4
  1596 | D:4      | Noticed a scorpion
  1622 | D:4      | Noticed an ogre
  1629 | D:4      | Slain by an ogre

Illustrated notes

Levels and vault maps discovered:
D:1:      dpeg_arrival_round_b, layout_basic, hangedman_abyss_or_decor_stabs
D:2:      layout_loops_cross
D:4:      layout_basic, zin_academy, enter_ossuary_5,
          kennysheep_generic_room_10, uniq_menkaure

Skill      XL: |  1  2  3 |
---------------+----------+-----
Fighting       | 3 4 |  4.7
Ranged Weapons | |  5.3
Dodging        | |  2.4
Stealth        | |  1.3

Action                     |  1- 3 |  4- 6 || total
---------------------------+-------+-------++-------
   Fire: Shortbow          |    77 |     9 ||    86
    Use: Scroll            |     3 |       ||     3
 Armour: Leather armour    |    10 |       ||    10
  Dodge: Dodged            |    41 |     4 ||    45

Table legend: (Time is in decaauts)
 A = Elapsed time spent in this place.
 B = Non-inter-level travel time spent in this place.
 C = Inter-level travel time spent in this place.
 D = Time resting spent in this place.
 E = Time spent auto-exploring this place.
 F = Levels seen in this place.
 G = Mean time per level.
                   A        B        C        D        E       F      G
               +--------+--------+--------+--------+--------+-----+--------+
         Total |   1652 |   1650 |      2 |    267 |   1123 |   3 |  550.7 |
       Dungeon |   1652 |   1650 |      2 |    267 |   1123 |   3 |  550.7 |
               +--------+--------+--------+--------+--------+-----+--------+

Top non-repeatable levels by time:
     D:1: 1174 daAuts
     D:2: 298 daAuts
     D:4: 179 daAuts
